[Event "Live Chess"]
[Site "Chess.com"]
[Date "2023.05.20"]
[Round "-"]
[White "Richardallis"]
[Black "Shepherds_Pie"]
[Result "0-1"]
[WhiteElo "1865"]
[BlackElo "1926"]
[TimeControl "300"]
[EndTime "13:56:08 PDT"]
[Termination "Shepherds_Pie won by resignation"]

1. d4 d5 2. Nf3 Nf6 3. Bg5 Ne4 4. Bf4 c5 5. c3 Qb6 6. Qb3 Nc6 7. Qxb6 axb6 8.
Nbd2 Nxd2 9. Nxd2 e6 10. e3 c4 11. a3 b5 12. Rc1 Be7 13. e4 O-O 14. g3 Bd7 15. Bg2 dxe4 16. Nxe4 h6 17. h4 Rfd8 18.
Bc7 Rdc8 19. Bf4 Be8 20. Kd2 f5 21. Nd6 Bxd6 22. Bxd6 Bd7 23. Rhe1 Re8 24. Re3 Kf7 25. Rce1 Rg8 26. d5 Nd8 27. Bc7 Re8 28. Bxd8 Raxd8 29. dxe6+ Rxe6 30. Kc1 Rxe3 31. Rxe3 Bc6 32. Bxc6 bxc6 33. Re5 Rd5 34. Rxd5 cxd5 35. Kd2 g5 36. Ke3 Ke6 37. f4 gxh4 38. gxh4 h5 39. Kf3 Kd6 40. Ke2 Kc6 41.
Kd2 Kd6 42. Ke2 Kc5 43. Ke3 d4+ 44. cxd4+ Kd5 45. Kd2 Kxd4 46. Kc2 Ke4 47. Kc3 Kxf4 48. Kb4 Kg3 49. Kxb5 f4 50. a4 f3 51. a5 f2 52. a6 f1=Q 53. a7 c3+ 54. Kb4 cxb2 55. a8=Q b1=Q+ 56. Kc3 Qbc1+ 57. Kb3 Qd3+ 58. Kb4 Qb2+ 59. Kc5 Qdd4+ 60. Kc6 Qbc3+ 61. Kb7 Qdb4+ 0-1

[Event "Live Chess"]
[Site "Chess.com"]
[Date "2023.05.20"]
[Round "-"]
[White "MrBlond89"]
[Black "MarkLim1"]
[Result "0-1"]
[WhiteElo "1412"]
[BlackElo "1655"]
[TimeControl "300"]
[EndTime "13:56:23 PDT"]
[Termination "MarkLim1 won on time"]

1. e4 e6 2. c4 d5 3. cxd5 exd5 4. Qb3 Nf6 5. e5 Ne4 6. d4 Be7 7. Bd3 O-O 8. Be3 c5 9. Nd2 Nxd2 10. Bxd2 cxd4 11. Nf3 Nc6 12. O-O Bg4 13. Qxb7 Bd7 14. Rfe1 Rb8 15. Qa6 Rxb2 16. Re2 Rb6 17. Qa4 Nxe5 18.
Qc2 Nxf3+ 19. gxf3 Bd6 20. Bxh7+ Kh8 21. Ba5 Qh4 22.
f4 Bxf4 23. f3 Re6 0-1

[Event "Live Chess"]
[Site "Chess.com"]
[Date "2023.05.20"]
[Round "-"]
[White "wadsy27"]
[Black "howitzer14"]
[Result "1-0"]
[WhiteElo "2554"]
[BlackElo "2890"]
[TimeControl "300"]
[EndTime "13:56:26 PDT"]
[Termination "wadsy27 won on time"]

1. c4 b6 2. g3 Bb7 3. Nf3 Bxf3 4. exf3 c5 5. d4 Nc6 6. d5 Nd4 7. Be3 Nf5 8. Bd2 g6 9. Bc3 Bg7 10. Bxg7 Nxg7 11. Bd3 Nh6 12. Nc3 Nhf5 13. Ne2 e6 14. Qc2 Qf6 15. O-O-O g5 16. f4 h6 17. fxg5 hxg5 18.
Be4 Rd8 19. Kb1 Nd6 20. f4 Ngf5 21. Bxf5 Nxf5 22. fxg5 Qxg5 23. dxe6 fxe6 24. Qe4 Ne7 25.
h4 Qf5 26. Nc3 Qxe4+ 27. Nxe4 Nf5 28. h5 Ke7 29. g4 Ne3 30. Rdg1 Nxc4 31. g5 d5 32. g6 Rh6 33. Ng5 Nd6 34. Re1 Ne4 35. Nxe4 dxe4 36. Rxe4 Rdh8 37. Re5 Kf6 38. Rhe1 Rxh5 39.
Rxe6+ Kg7 40. Re7+ Kxg6 41. Rxa7 Rf8 42. Re6+ Rf6 43. Rxf6+ Kxf6 44. Rb7 Ke5 45. Rxb6 Kd5 46. Rb8 Kc4 47. a3 Rh1+ 48. Ka2 Rh7 49. Rg8 Ra7 50.
Rg4+ Kb5 51. Kb3 Ra8 52. a4+ Ka5 53. Kc4 Kxa4 54. Rg1 1-0

[Event "Live Chess"]
[Site "Chess.com"]
[Date "2023.05.20"]
[Round "-"]
[White "OSmith06"]
[Black "AbilifyXL"]
[Result "0-1"]
[WhiteElo "1647"]
[BlackElo "1953"]
[TimeControl "300"]
[EndTime "13:56:31 PDT"]
[Termination "AbilifyXL won by resignation"]

1. e4 d5 2. exd5 Qxd5 3. Nf3 c6 4. c4 Qa5 5. Nc3 Nf6 6. d4 Bg4 7. Bd2 e6 8. Be2 Nbd7 9. h3 Bh5 10. O-O Qb6 11. b3 Bxf3 12. Bxf3 Qxd4 13. Qc2 Bb4 14. Rad1 Ne5 15. Rfe1 Nxf3+ 16. gxf3 Qh4 17. Kg2 Bc5 18. Be3 Bxe3 19. fxe3 O-O 20. Rd4 Qxe1 0-1

[Event "Live Chess"]
[Site "Chess.com"]
[Date "2023.05.20"]
[Round "-"]
[White "lightningorderyt"]
[Black "Tushinskiy"]
[Result "0-1"]
[WhiteElo "522"]
[BlackElo "2129"]
[TimeControl "300"]
[EndTime "13:56:51 PDT"]
[Termination "Tushinskiy won by checkmate"]

1. d4 e5 2. e3 e4 3. Bc4 d5 4.
Bb3 c6 5. Nc3 Nf6 6. f3 exf3 7.
Nxf3 Bd6 8. Bd2 O-O 9. Qe2 Re8 10. O-O-O b5 11. a4 a6 12. axb5 axb5 13. Kb1 Ra6 14. Rde1 Nbd7 15. e4 Nxe4 16. Nxe4 Rxe4 17. Qd3 Nf6 18.
Bg5 Bf5 19. Qc3 Be7 20. Bxf6 Bxf6 21. Rxe4 Bxe4 22. Re1 h6 23. Nd2 Bg6 24. Qb4 Kh7 25. Kc1 Ra1+ 26. Nb1 Bg5+ 27. Kd1 Bh5+ 28. Re2 Rxb1# 0-1

[Event "Live Chess"]
[Site "Chess.com"]
[Date "2023.05.20"]
[Round "-"]
[White "Wild_Tiger"]
[Black "Bot_Boy"]
[Result "1-0"]
[WhiteElo "1072"]
[BlackElo "324"]
[TimeControl "300"]
[EndTime "13:56:53 PDT"]
[Termination "Wild_Tiger won on time"]

1. c4 d5 2. d4 Nf6 3. Nc3 e6 4. e3 Bb4 5. Bd2 Bxc3 6. Bxc3 Ne4 7. Ne2 g5 8. Ng3 Nxc3 9. bxc3 h5 10. cxd5 Qxd5 11. Nxh5 Rxh5 12. Qxh5 Nd7 13. Qh8+ Ke7 14. Be2 Nf6 15. O-O Ne4 16. c4 Qa5 17. Bd3 Nf6 18. d5 e5 19. Bf5 Bxf5 20. Qxa8 b6 21. Qc6 Bd7 22. Qxc7 1-0

[Event "Live Chess"]
[Site "Chess.com"]
[Date "2023.05.20"]
[Round "-"]
[White "SupremeTactician"]
[Black "lordjimvi"]
[Result "1-0"]
[WhiteElo "2378"]
[BlackElo "391"]
[TimeControl "300"]
[EndTime "13:57:00 PDT"]
[Termination "SupremeTactician won by resignation"]

1. e4 d5 2. exd5 Qxd5 3. Nc3 Qe6+ 4. Be2 Nc6 5. d4 Nxd4 6. Qxd4 b6 7. Nf3 Bb7 8. O-O Rd8 9. Qf4 Nf6 10. Re1 Nd5 11. Nxd5 Rxd5 12. Bb5+ c6 13. Rxe6 1-0

[Event "Live Chess"]
[Site "Chess.com"]
[Date "2023.05.20"]
[Round "-"]
[White "smoggyrabbit"]
[Black "GMHarry-youtube"]
[Result "1-0"]
[WhiteElo "1688"]
[BlackElo "2060"]
[TimeControl "300"]
[EndTime "13:57:17 PDT"]
[Termination "smoggyrabbit won by checkmate"]

1. d4 Nf6 2. Nf3 g6 3. e3 Bg7 4. Be2 O-O 5. O-O d5 6. b3 a6 7. a4 c6 8. Bb2 Nbd7 9. Nbd2 Ne4 10. c4 e6 11. cxd5 cxd5 12. Qc2 f5 13. Nxe4 fxe4 14. Nd2 Qg5 15. Qc7 Nf6 16. Rac1 Nh5 17. Qd6 Rd8 18. Qb6 Bf8 19. Bxh5 gxh5 20. Rc7 Bd6 21. Rc2 Qh4 22. g3 Qg5 23. Rfc1 h4 24. Rxc8 Raxc8 25. Rxc8 Rxc8 26. Qxd6 Rc6 27. Qb8+ Kf7 28. Ba3 Rc2 29. Qf8+ Kg6 30. Qe8+ Kf5 31. Qf7+ Qf6 32. g4+ Kg5 33. Qh5# 1-0

[Event "Live Chess"]
[Site "Chess.com"]
[Date "2023.05.20"]
[Round "-"]
[White "friarnator"]
[Black "KeithArkell"]
[Result "0-1"]
[WhiteElo "1990"]
[BlackElo "2615"]
[TimeControl "300"]
[EndTime "13:57:17 PDT"]
[Termination "KeithArkell won by resignation"]

1. e4 c6 2. d4 d5 3. Nc3 dxe4 4. Nxe4 Nd7 5. Nf3 Ngf6 6. Neg5 h6 7. Nh3 g5 8. Nhg1 c5 9. c3 cxd4 10. Nxd4 e6 11.
h4 g4 12. Bc4 Nb6 13. Bb3 Bc5 14. Nge2 Bd7 15. Ng3 Bc6 16. Nxc6 Qxd1+ 17. Bxd1 bxc6 18.
a4 h5 19. a5 Nbd7 20. b4 Be7 21.
Ba4 Rc8 22. Be3 a6 23. O-O-O Nd5 24. Bd4 Bf6 25. Kc2 Bxd4 26. Rxd4 Ke7 27. Re1 N7f6 28. Nf5+ Kf8 29. Nd6 Rc7 30. Kb3 c5 31. Rd3 Kg7 32. b5 axb5 33. Bxb5 Rd8 34. Nc4 Rb8 35. Na3 c4+ 36. Nxc4 Rxb5+ 37. Ka4 Rbc5 0-1

[Event "Live Chess"]
[Site "Chess.com"]
[Date "2023.05.20"]
[Round "-"]
[White "WilliamofOrange16th"]
[Black "JohanKjeldahl"]
[Result "0-1"]
[WhiteElo "1833"]
[BlackElo "1848"]
[TimeControl "300"]
[EndTime "13:57:22 PDT"]
[Termination "JohanKjeldahl won by resignation"]

1. e4 c5 2. Nc3 e6 3. Bc4 Nc6 4.
f4 a6 5. a4 Qc7 6. d3 b6 7.
Nf3 Bb7 8. O-O Nge7 9. Qe1 g6 10. Be3 Bg7 11. e5 O-O 12. g4 d5 13. exd6 Qxd6 14.
Ne4 Qc7 15. c3 Nd5 16. Bxd5 exd5 17. Neg5 h6 18. Nh3 Rae8 19. Qf2 Qd7 20. Kh1 d4 21. Bd2 dxc3 22. bxc3 Qxg4 23. Qg2 Qxg2+ 24. Kxg2 Re2+ 25.
Rf2 Rfe8 26. Rb1 Na5 27. Rxb6 Bxf3+ 28. Kxf3 Rxf2+ 29. Kxf2 Re6 30. Rb8+ Kh7 31. c4 Nc6 32. Rc8 Nd4 33. Ng1 Nb3 34. Be3 Bd4 35. Bxd4 cxd4 36. Nf3 Nc1 37. Ne5 Kg7 38. Rc7 Rf6 39. Kg3 Ne2+ 40.
Kg2 Nxf4+ 41. Kg3 Ne6 42. Ra7 Nc5 43. a5 h5 44. h4 Rf5 45. Nc6 Nxd3 46. Nxd4 Rxa5 47.
Ne6+ Kf6 48. Nc7 Nc5 49. Kf4 Ne6+ 50. Nxe6 Kxe6 51. Ke4 Ra4 52. Kd4 f5 53. Kc3 f4 54.
c5 Kd5 55. Rg7 Kxc5 56. Rxg6 Ra3+ 57. Kc2 f3 58. Rf6 Kc4 59. Rf4+ Kd5 60. Rf5+ Ke4 61. Rxh5 f2 0-1

[Event "Live Chess"]
[Site "Chess.com"]
[Date "2023.05.20"]
[Round "-"]
[White "Delacorta"]
[Black "JoeRoot66"]
[Result "0-1"]
[WhiteElo "1420"]
[BlackElo "1908"]
[TimeControl "300"]
[EndTime "13:57:23 PDT"]
[Termination "JoeRoot66 won by resignation"]

1. d4 d5 2. Nf3 Nf6 3. b3 Bf5 4. e3 e6 5. Bd3 Bxd3 6. Qxd3 c5 7. Bb2 Nc6 8. a3 cxd4 9. exd4 Bd6 10. O-O O-O 11. Ne5 Qc7 12. f4 Ne4 13. Nd2 Nxd2 14. Qxd2 f6 15. Nxc6 Qxc6 16. Rac1 Rac8 17. c4 Qa6 18. c5 Bc7 19. Rfe1 Rfe8 20. g3 b6 21. c6 Bd6 22. b4 Qb5 23. Qc2 Rc7 24. Re3 Kf7 25.
Qe2 Qxe2 26. Rxe2 Rec8 27. b5 Re7 28. Rce1 Rce8 29. Rc2 g5 30. Rf1 gxf4 31. gxf4 Rg8+ 32.
Kh1 Rg4 33. Bc1 h5 34. Rg2 Kg6 35. Rxg4+ hxg4 36. Kg2 e5 37. Re1 e4 38. Kg3 Kf5 39. a4 Rh7 40. Bd2 Bxf4+ 41. Bxf4 Rh3+ 42. Kg2 Kxf4 43. c7 Rc3 44. Rf1+ Kg5 45. h3 gxh3+ 46. Kh2 Rxc7 47.
Rg1+ Kf4 48. Rf1+ Ke3 49. Re1+ Kxd4 50. Rf1 e3 51. Rxf6 Kd3 52. Rf4 e2 53. Rf1 exf1=Q 54. Kg3 Qg2+ 55. Kh4 Qg4+ 0-1

[Event "Live Chess"]
[Site "Chess.com"]
[Date "2023.05.20"]
[Round "-"]
[White "Duke_of_Bebington"]
[Black "trekker123"]
[Result "0-1"]
[WhiteElo "1585"]
[BlackElo "2096"]
[TimeControl "300"]
[EndTime "13:57:30 PDT"]
[Termination "trekker123 won by resignation"]

1. e4 c6 2. d4 d5 3. e5 c5 4. c3 Nc6 5. Nf3 Bg4 6. Be3 cxd4 7. cxd4 Qb6 8. Qb3 Qxb3 9. axb3 Bxf3 10. gxf3 e6 11.
Nc3 Bb4 12. Bb5 Ne7 13. O-O O-O 14. Kh1 Rfc8 15. Rg1 Nf5 16. Bd3 Nce7 17. Bg5 Bxc3 18. bxc3 Rxc3 19. Bxe7 Rxd3 20. Bc5 0-1

[Event "Live Chess"]
[Site "Chess.com"]
[Date "2023.05.20"]
[Round "-"]
[White "EdenHazard8"]
[Black "Pandreq"]
[Result "1-0"]
[WhiteElo "2068"]
[BlackElo "1261"]
[TimeControl "300"]
[EndTime "13:57:36 PDT"]
[Termination "EdenHazard8 won by resignation"]

1. e4 Nf6 2. e5 Nd5 3. c4 Nb6 4. a4 d6 5. a5 N6d7 6. exd6 cxd6 7. d4 Nc6 8. Nc3 g6 9. Nf3 Bg7 10. Be2 O-O 11. Be3 Nb4 12. Qa4 Nc6 13. O-O b6 14. Qxc6 1-0

[Event "Live Chess"]
[Site "Chess.com"]
[Date "2023.05.20"]
[Round "-"]
[White "GEMdzq"]
[Black "manthanit"]
[Result "1-0"]
[WhiteElo "2221"]
[BlackElo "1017"]
[TimeControl "300"]
[EndTime "13:57:37 PDT"]
[Termination "GEMdzq won by checkmate"]

1. e4 Nf6 2. e5 Ne4 3. d4 d6 4. f3 dxe5 5. fxe4 exd4 6. Nf3 Nc6 7. Bc4 e5 8. c3 Bg4 9. O-O Bc5 10. Bxf7+ Ke7 11.
Bg5+ Kxf7 12. Nxe5+ Ke6 13. Qxg4+ Kd6 14. Nf7# 1-0

[Event "Live Chess"]
[Site "Chess.com"]
[Date "2023.05.20"]
[Round "-"]
[White "LodeshChess"]
[Black "siddu198"]
[Result "0-1"]
[WhiteElo "1097"]
[BlackElo "1643"]
[TimeControl "300"]
[EndTime "13:57:41 PDT"]
[Termination "siddu198 won by resignation"]

1. e4 e5 2. Nf3 Nc6 3. c3 Bc5 4. d4 exd4 5. cxd4 Bb4+ 6. Nc3 Bxc3+ 7. bxc3 Nge7 8. Bd3 O-O 9. e5 Ng6 10. O-O d6 11. Bb5 dxe5 12. Bxc6 bxc6 13. Nxe5 Nxe5 14. dxe5 Qxd1 15. Rxd1 Be6 16. Be3 a6 17. Rdb1 Rab8 18. Ba7 Rb5 19. a4 Rxe5 20. Rb7 Rc8 21. Rab1 Rd5 22. Rb8 Rdd8 23. Rxc8 Rxc8 24. g3 Bd5 25. f4 h6 26. Rb8 Rf8 27. Rxf8+ Kxf8 28. Bb8 Ke7 29. Bxc7 Kd7 30. Be5 f6 31. Kf2 fxe5 0-1

[Event "Live Chess"]
[Site "Chess.com"]
[Date "2023.05.20"]
[Round "-"]
[White "Inglaterra"]
[Black "SiDebanks"]
[Result "1-0"]
[WhiteElo "2048"]
[BlackElo "1357"]
[TimeControl "300"]
[EndTime "13:57:44 PDT"]
[Termination "Inglaterra won by resignation"]

1. e4 c6 2. Nc3 d5 3. Nf3 dxe4 4. Nxe4 Nf6 5. Nxf6+ exf6 6. d4 Bd6 7. c3 O-O 8. Be2 Re8 9. O-O Nd7 10. Be3 Nf8 11.
Qd2 Bg4 12. h3 Bf5 13. Nh4 Bg6 14. Bd3 Qd7 15. Rae1 Re7 16. Nxg6 Nxg6 17. Qc2 Rae8 18. Bd2 h6 19. Bxg6 fxg6 20. Qxg6 Rxe1 21. Rxe1 Rxe1+ 22. Bxe1 Qe6 23. Bd2 Qe2 24. Qc2 Bf4 25. Qb3+ Kh7 26. Bxf4 Qe1+ 27. Kh2 Qxf2 28. Bg3 1-0

[Event "Live Chess"]
[Site "Chess.com"]
[Date "2023.05.20"]
[Round "-"]
[White "weibs440"]
[Black "WelshTiger"]
[Result "0-1"]
[WhiteElo "927"]
[BlackElo "2396"]
[TimeControl "300"]
[EndTime "13:57:47 PDT"]
[Termination "WelshTiger won by resignation"]

1. e4 c6 2. d4 d5 3. f3 dxe4 4. fxe4 e5 5. Nf3 Bg4 6. Bc4 Nd7 7. Bxf7+ Kxf7 8. Ng5+ Qxg5 9. Bxg5 Bxd1 10. Kxd1 exd4 11. Rf1+ Ngf6 12. c3 dxc3 13. Nxc3 Bd6 14. Kc2 Be5 15. Bxf6 Nxf6 16. Rad1 Rad8 17. Rxd8 Rxd8 18. Rf5 Ke6 19. Na4 b6 20. h3 Nxe4 0-1

[Event "Live Chess"]
[Site "Chess.com"]
[Date "2023.05.20"]
[Round "-"]
[White "seabuck"]
[Black "ExIsambard"]
[Result "1-0"]
[WhiteElo "1877"]
[BlackElo "1989"]
[TimeControl "300"]
[EndTime "13:57:48 PDT"]
[Termination "seabuck won on time"]

1. d4 Nf6 2. c4 e5 3. e3 e4 4. Nc3 Bb4 5. Qc2 Bxc3+ 6. Qxc3 c6 7. b3 O-O 8. Ba3 Re8 9. Ne2 d5 10. Nf4 Bf5 11. cxd5 Nxd5 12. Nxd5 cxd5 13. Bb5 Re6 14. Rc1 Nc6 15. O-O h6 16. Bxc6 bxc6 17. f4 Rg6 18. Qd2 Bh3 19. Rf2 Bf5 20. Rc5 h5 21. Qc3 Qd7 22.
Rc2 Rc8 23. Ra5 Bg4 24. Qc5 Bd1 25. Rf2 Qg4 26. Qc1 Bf3 27. Qd2 h4 28. Rxa7 h3 29.
g3 Bg2 30. f5 Rf6 31. Be7 Rxf5 32. Rxf5 Qxf5 33. Qf2 Bf3 34. Bd6 Qe6 35. Bc5 Rd8 36. b4 Rd7 37. Ra8+ Kh7 38. a4 Rb7 39. a5 Qd7 40. a6 Rc7 41. Rb8 Ra7 42. Bxa7 Qxa7 43.
Rf8 Qxa6 44. Qf1 Qa2 45. Qxh3+ Kg6 46. Qf1 Qd2 47. Rc8 1-0

[Event "Live Chess"]
[Site "Chess.com"]
[Date "2023.05.20"]
[Round "-"]
[White "JoeyCage"]
[Black "KGreenGator"]
[Result "1-0"]
[WhiteElo "2311"]
[BlackElo "1770"]
[TimeControl "300"]
[EndTime "13:57:50 PDT"]
[Termination "JoeyCage won by resignation"]

1. e4 c5 2. Nf3 Nc6 3. d4 cxd4 4. Nxd4 e5 5. Nb5 d6 6. N1c3 a6 7. Na3 Nf6 8. Bg5 Be7 9. Bxf6 Bxf6 10. Nc4 Be7 11.
Nd5 b5 12. Ncb6 Rb8 13. Nxc8 Rxc8 14. Bd3 O-O 15. O-O Qd7 16. Nb6 Qc7 17. Nxc8 Rxc8 18. c3 Qd7 19. a4 Na7 20. axb5 axb5 21. Qb3 Rb8 22. Qd5 Qc6 23. Rxa7 1-0

[Event "Live Chess"]
[Site "Chess.com"]
[Date "2023.05.20"]
[Round "-"]
[White "defenderalist"]
[Black "JoshMcK"]
[Result "1-0"]
[WhiteElo "1619"]
[BlackElo "1561"]
[TimeControl "300"]
[EndTime "13:57:53 PDT"]
[Termination "defenderalist won by resignation"]

1. e4 c6 2. Nf3 d5 3. exd5 cxd5 4. d4 Nf6 5. g3 Nc6 6. Bg2 g6 7. c3 Bg7 8. Bg5 O-O 9. Qd2 Ne4 10. Qc1 Nxg5 11. Nxg5 e5 12. dxe5 Nxe5 13. O-O Nd3 14. Qd2 Bf5 15. Nf3 Re8 16. Nd4 Bxd4 17. cxd4 Re6 18.
Nc3 Qe7 19. Nxd5 Qd7 20. g4 Be4 21. Bxe4 Rxe4 22. Nf6+ 1-0

[Event "Live Chess"]
[Site "Chess.com"]
[Date "2023.05.20"]
[Round "-"]
[White "DmitryVasliev"]
[Black "DRS44"]
[Result "1-0"]
[WhiteElo "1672"]
[BlackElo "1402"]
[TimeControl "300"]
[EndTime "13:57:54 PDT"]
[Termination "DmitryVasliev won on time"]

1. e4 e5 2. f4 exf4 3. Nf3 d6 4.
d4 g5 5. Bc4 Bg7 6. O-O h6 7.
Nc3 Nf6 8. e5 dxe5 9. Nxe5 Be6 10. d5 Qd6 11. Re1 Bd7 12. Nd3+ Kd8 13. Kh1 Re8 14. Nb5 Rxe1+ 15. Nxe1 Bxb5 16. Bxb5 Qxd5 17. Qe2 Qe4 18. Qd2+ Qd5 19. Bd3 Nc6 20. Nf3 Qc5 21. h3 Qe3 22. Qd1 Qf2 23. Be4+ Ke8 24. Bxc6+ Kf8 25. Qe1 Qxe1+ 26. Nxe1 Rd8 27. b3 bxc6 28. Ba3+ 1-0

[Event "Live Chess"]
[Site "Chess.com"]
[Date "2023.05.20"]
[Round "-"]
[White "xx_blindpuffin_xx"]
[Black "NAZRIZ1977"]
[Result "1/2-1/2"]
[WhiteElo "2181"]
[BlackElo "2056"]
[TimeControl "300"]
[EndTime "13:57:55 PDT"]
[Termination "Game drawn - timeout vs insufficient material"]

1. e4 c5 2. Nc3 Nc6 3. g3 g6 4. Bg2 Bg7 5. Nge2 d6 6. O-O Nf6 7. d3 O-O 8. h3 Rb8 9. Be3 b5 10. f4 Nd7 11. Qd2 b4 12. Nd1 Nd4 13. c3 Nxe2+ 14.
Qxe2 a5 15. d4 bxc3 16. bxc3 cxd4 17. cxd4 Nb6 18. Nf2 Na4 19. Qc2 Bd7 20. Rab1 Rxb1 21. Rxb1 Qc8 22. Qb3 Nc3 23. Rb2 Ba4 24. Qb7 Nd1 25.
Nxd1 Bxd1 26. Bf1 Qc3 27. Bf2 Bxd4 28. Bxd4 Qxd4+ 29. Rf2 e5 30. fxe5 Qxe5 31. Kg2 Qe6 32. Rd2 Ba4 33. Qd5 Rd8 34. Bc4 Qxd5 35. Rxd5 Bc2 36. Kf3 Re8 37. Rxd6 Bxe4+ 38. Kf4 Bg2 39.
Bb3 a4 40. Bc2 Re2 41. Bd3 Rxa2 42. g4 Bxh3 43. Kg3 Bxg4 44. Kxg4 Rd2 45. Kf4 a3 46. Ke3 Rd1 47. Ra6 Kg7 48. Rxa3 f5 49. Be2 Rd8 50. Kf4 Kh6 51. Rh3+ Kg7 52. Bf3 h6 53.
Rh1 Rf8 54. Ra1 g5+ 55. Kg3 Rf6 56. Ra7+ Kg6 57. Bd5 h5 58. Rc7 h4+ 59. Kh3 Rd6 60. Bf7+ Kf6 61. Bh5 Rd3+ 62. Kg2 g4 63. Rf7+ Kg5 64.
Rh7 h3+ 65. Kg1 g3 66. Be2 Rd2 67. Kf1 g2+ 68. Kf2 Rxe2+ 69. Kxe2 g1=Q 70. Rxh3 Qg4+ 71. Rf3 Qg2+ 72. Ke3 Qg1+ 73. Ke2 Qa1 74. Rf2 Kf6 75. Kf3 Ke5 76. Kg2 f4 77. Re2+ Kf5 78. Rf2 Kg4 79.
Kh2 Qa8 80. Rg2+ Kf5 81. Kg1 Qf3 82. Rf2 Qe3 83. Kf1 Ke4 84. Re2 Qxe2+ 85. Kxe2 f3+ 86.
Kf2 Kf4 87. Kf1 Ke4 88. Ke1 Ke3 89. Kf1 f2 90. Kg2 Ke2 91. Kg3 f1=Q 92. Kg4 Qf2 93. Kg5 Qf3 94. Kg6 Ke3 95. Kg5 1/2-1/2

[Event "Live Chess"]
[Site "Chess.com"]
[Date "2023.05.20"]
[Round "-"]
[White "FailsGambits"]
[Black "kenn48"]
[Result "1-0"]
[WhiteElo "1321"]
[BlackElo "1150"]
[TimeControl "300"]
[EndTime "13:57:55 PDT"]
[Termination "FailsGambits won on time"]

1. e4 e5 2. Nf3 Nc6 3. d4 exd4 4. Nxd4 Nxd4 5. Qxd4 b6 6. Nc3 Bb7 7. Bc4 Bc5 8. Qd3 Nf6 9. Be3 Bxe3 10. Qxe3 Qe7 11. Bd3 O-O-O 12. O-O-O Ng4 13. Qe2 Ne5 14. Ba6 Rhe8 15.
Bxb7+ Kxb7 16. Nd5 Qg5+ 17. f4 Qh6 18. Kb1 Nc6 19.
Qf3 Qe6 20. Nc3 Kb8 21. Rhe1 Qc4 22. Qd3 Qxd3 23. Rxd3 d6 24. Rg3 g6 25. Nd5 h5 26.
Rge3 Nd4 27. c3 Ne6 28. Nb4 Rd7 29. g3 Nc5 30. Nd5 Ree7 31. Nxe7 Rxe7 32. e5 dxe5 33. fxe5 Re6 34. Kc2 Nd7 35. Rf3 1-0

[Event "Live Chess"]
[Site "Chess.com"]
[Date "2023.05.20"]
[Round "-"]
[White "Ferrarifan27"]
[Black "mliszewski"]
[Result "1-0"]
[WhiteElo "2065"]
[BlackElo "1858"]
[TimeControl "300"]
[EndTime "13:57:59 PDT"]
[Termination "Ferrarifan27 won by resignation"]

1. e4 c6 2. d4 d5 3. e5 c5 4. dxc5 Nc6 5. a3 e6 6. b4 Nxe5 7. Bb2 Nc6 8. Nf3 Nf6 9. Nc3 Be7 10. Bd3 O-O 11. O-O b6 12. b5 Na5 13. c6 a6 14. a4 axb5 15. axb5 Qc7 16. Re1 Bc5 17. Na4 Rb8 18. Nxc5 bxc5 19. Bxf6 gxf6 20. Qd2 c4 21. Qxa5 Qxa5 22. Rxa5 cxd3 23. cxd3 Rb6 24. Rea1 e5 25. Kf1 Be6 26. d4 e4 27. Nd2 Rfb8 28. Rb1 f5 29. g3 f6 30. Ke2 Bf7 31. Kd1 Be8 32. c7 Rc8 33. Ra7 Rxb5 34. Rxb5 Bxb5 35. Rb7 Bd7 36. Nb3 Kf7 37. Nc5 Bc6 38. Ra7 Ke7 39.
Kd2 Kd6 40. Ke3 Rxc7 41. Rxc7 Kxc7 42. Kf4 Kd6 43. Kxf5 Ke7 44. Kg4 Bb5 45. Kh5 Be2+ 46. Kh6 Bg4 47. Kxh7 Kf7 48. Kh6 Bc8 49. Kh5 f5 50.
Kg5 Ke7 51. h4 Kf7 52. h5 Kg7 53. h6+ Kh7 54. Nb3 Be6 55. Nc1 Bf7 56. Ne2 Bg8 57.
Nf4 Bf7 58. Nh5 Bxh5 59. Kxh5 Kh8 60. Kg6 Kg8 61. Kxf5 Kh7 1-0

[Event "Live Chess"]
[Site "Chess.com"]
[Date "2023.05.20"]
[Round "-"]
[White "lordjimvi"]
[Black "Wild_Tiger"]
[Result "0-1"]
[WhiteElo "390"]
[BlackElo "1072"]
[TimeControl "300"]
[EndTime "13:58:16 PDT"]
[Termination "Wild_Tiger won by resignation"]

1. e4 d5 2. exd5 Qxd5 3. d3 Nf6 4. Be2 Bg4 5. Bxg4 Qxg2 6. Kd2 Qxh1 7. Nf3 Qxd1+ 8.
Kxd1 Nxg4 9. Nh4 Nxf2+ 10. Ke1 Ng4 11. Bg5 Nxh2 0-1

[Event "Live Chess"]
[Site "Chess.com"]
[Date "2023.05.20"]
[Round "-"]
[White "BostonStrangler"]
[Black "f4nomore"]
[Result "1-0"]
[WhiteElo "2054"]
[BlackElo "1378"]
[TimeControl "300"]
[EndTime "13:58:19 PDT"]
[Termination "BostonStrangler won by resignation"]

1. Nf3 g6 2. g3 Bg7 3. Bg2 d6 4. O-O c5 5. c4 Nc6 6. d3 Nf6 7. Nc3 O-O 8. Rb1 a6 9. a3 Rb8 10. Ne1 Bd7 11. Nc2 b5 12. cxb5 axb5 13. b4 cxb4 14. Nxb4 Ng4 15. Nxc6 Bxc6 16. Bxc6 Bxc3 17.
Rxb5 Rxb5 18. Bxb5 Bg7 19. Bc4 d5 20. Bb3 e6 21. a4 Qa5 22. Qd2 Qa7 23. Qf4 Nf6 24.
Ba3 Rc8 25. Bb2 Nh5 26. Qd2 Bxb2 27. Qxb2 Rb8 28. Qc2 Nf6 29. Rb1 Ng4 30. e3 Nxe3 31.
fxe3 Qxe3+ 32. Kg2 Qe5 33. a5 Ra8 34. Qd2 Qd4 35. Bd1 e5 36. Rb4 Qc5 37. Ra4 e4 38. d4 Qd6 39. Be2 Kg7 40. a6 f5 41.
a7 Qb6 42. Ra6 Qb4 43. Qxb4 1-0

[Event "Live Chess"]
[Site "Chess.com"]
[Date "2023.05.20"]
[Round "-"]
[White "TheSmoulderingMaster"]
[Black "Oleg_Silin"]
[Result "1-0"]
[WhiteElo "1734"]
[BlackElo "1465"]
[TimeControl "300"]
[EndTime "13:58:32 PDT"]
[Termination "TheSmoulderingMaster won by resignation"]

1. e4 c5 2. Nf3 e6 3. d4 cxd4 4. Nxd4 Nf6 5. Nc3 Nc6 6. Bg5 Bb4 7. Bc4 h6 8. Bh4 g5 9. Bg3 Nxe4 10. O-O Nxc3 11. bxc3 Bxc3 12. Nb5 O-O 13. Nxc3 d5 14. Bb5 a6 15. Bxc6 bxc6 16. Ne2 f5 17. Nd4 f4 18.
Nxc6 Qc7 19. Nd4 fxg3 20. fxg3 Bd7 21. Qd3 Kg7 22. Rfe1 Qc5 23. c3 Rae8 24. Kh1 e5 25. Nf3 e4 26. Qd4+ Qxd4 27. Nxd4 Rf2 28. h3 Rb8 29. Rab1 Rbf8 30. Rb7 R8f7 31. Reb1 Rxa2 32. R1b6 Bb5 33. Ne6+ Kg6 34. Nf4+ Kg7 35. Nxd5 Ra1+ 36. Kh2 Rd1 37. Ne3 Rd3 38. Nf5+ 1-0

[Event "Live Chess"]
[Site "Chess.com"]
[Date "2023.05.20"]
[Round "-"]
[White "Bob2pen"]
[Black "ProfPoisson"]
[Result "1-0"]
[WhiteElo "1823"]
[BlackElo "1142"]
[TimeControl "300"]
[EndTime "13:58:33 PDT"]
[Termination "Bob2pen won by resignation"]

1. e4 e5 2. Nf3 Nf6 3. d4 Nxe4 4. Bd3 d5 5. Nxe5 Nd7 6. Nxd7 Bxd7 7. O-O Bd6 8. c4 O-O 9. cxd5 f5 10. Nc3 Qh4 11.
g3 Qh3 12. Nxe4 fxe4 13. Bxe4 Bb5 14. Bd3 Bd7 15. Be3 Bg4 16. Be2 Bxe2 17. Qxe2 Rf7 18. Rae1 Raf8 19. f4 Qf5 20. Bf2 Qxd5 21. Qe4 Qxa2 22. Qxb7 a5 23. Re3 Bb4 24. Re5 Qxb2 25. Rxa5 c5 26. Qb5 cxd4 27. Ra4 Qe2 28. Qxe2 1-0

[Event "Live Chess"]
[Site "Chess.com"]
[Date "2023.05.20"]
[Round "-"]
[White "LozzaLoaf"]
[Black "ChessTWSS"]
[Result "1-0"]
[WhiteElo "278"]
[BlackElo "1536"]
[TimeControl "300"]
[EndTime "13:58:44 PDT"]
[Termination "LozzaLoaf won by checkmate"]

1. d4 d5 2. e3 c5 3. dxc5 Nf6 4. c3 e6 5. Qa4+ Bd7 6. Bb5 Bxc5 7.
Na3 Bxb5 8. Qxb5+ Nbd7 9. Bd2 Bxa3 10. bxa3 Qb6 11. Qxb6 axb6 12. Nf3 Rxa3 13. e4 Nxe4 14. Nd4 Nxc3 15. Bxc3 Rxc3 16. a4 O-O 17. O-O Rfc8 18. Ne2 Rc2 19. Nd4 R2c4 20. Nb5 Rb4 21. Na7 Rcc4 22.
a5 Ra4 23. axb6 Rxa1 24. Rxa1 Nxb6 25. Nb5 Rc2 26. Nd6 Na4 27. Nxb7 Rb2 28. Nc5 Nxc5 29. Ra8+ Rb8 30. Rxb8# 1-0